AoeStats
← John Hawkwood

Arabia

509717998Analyzed
1v1 RM · 5d ago on Sep 27, 2026· 30m 31s· 2 players
Game mode
Random Map
Map size
Tiny (2 player)
Population
200
Speed
Normal
Resources
Standard
Victory
Conquest
Starting age
Dark Age
Ending age
Imperial Age
RankedLock teamsTeams togetherTeam positionsShared explorationLock speedFull tech treeHidden civsTurbo modeCheats
Victory
Defeat
🇨🇱 Varangians · Chile
1011
+16
🇺🇸 Mongols · United States
1010
-16
John Hawkwood
8:17 Loom
10:15 Feudal Age
10:59 Double-Bit Axe
15:20 Man-at-Arms
16:24 Horse Collar
20:59 Bloodlines
21:56 Forging
27:34 Castle Age
30:25 Wheelbarrow
29:58 Crossbowman
30:17 Elite Skirmisher
Boss's Order
1:32 Loom
10:32 Feudal Age
11:16 Double-Bit Axe
17:53 Fletching
19:51 Horse Collar
25:12 Castle Age
23:50 Gold Mining
25:09 Scale Mail Armor
25:13 Padded Archer Armor
25:23 Crossbowman
27:11 Bodkin Arrow
Connection lost

Rejoining the realm…

Still unreachable

The connection could not be restored.

Session expired

The server has moved on; the page needs a fresh start.